General information
- name: BNet
- type: Ladder team game (AT/RT)
- host: Battle.net
- saver: 'Drayen
map: GolemsInTheMist
- players: 8
- length: 43:17
- speed: Fast
- version: 1.28 W3XP
- replay type: Public
» download(479 KB)
Players
team 1 (loser)
vinamilk (
pink | 67 APM | 2756 actions | 41:01)
5 Shadow Hunter
3 Healing Wave
1 Hex
1 Serpent Ward
2 Tauren Chieftain
1 War Stomp
1 Shockwave
» actions
| Assign group hotkey | 23 | |
| Basic commands | 17 | |
| Build / train | 97 | |
| ESC pressed | 1 | |
| Enter build submenu | 33 | |
| Enter hero's abilities submenu | 10 | |
| Give item / drop item | 1 | |
| Remove unit from queue | 4 | |
| Right click | 1109 | |
| Select / deselect | 707 | |
| Select group hotkey | 600 | |
| Use ability | 154 | |
2756 total
» units
| Peon | 14 | |
| Wind Rider | 22 | |
| Goblin Shredder | 1 | |
| Troll Witch Doctor | 4 | |
| Shaman | 2 | |
| Troll Batrider | 3 | |
| Tauren | 3 | |
49 total
» upgrades
| Ranged Weapons | 2 | |
| Armor | 1 | |
| Envenomed Spears | 1 | |
| Reinforced Defenses | 1 | |
| Spiked Barricades | 1 | |
| Witch Doctor Training | 2 | |
| Shaman Training | 2 | |
| Pulverize | 1 | |
11 total
» buildings
| Orc Burrow | 8 | |
| Altar of Storms | 1 | |
| Voodoo Lounge | 2 | |
| War Mill | 1 | |
| Watch Tower | 15 | |
| Stronghold | 2 | |
| Fortress | 1 | |
| Beastiary | 3 | |
| Great Hall | 1 | |
| Spirit Lodge | 2 | |
| Tauren Totem | 2 | |
38 total
» build order
00:20 Orc Burrow
01:13 Altar of Storms
01:20 Voodoo Lounge
01:23 War Mill
01:51 Orc Burrow
02:40 Watch Tower
02:55 Watch Tower
03:06 Stronghold
03:06 Stronghold
04:07 Watch Tower
04:12 Orc Burrow
05:22 Orc Burrow
05:30 Fortress
05:34 Beastiary
05:39 Beastiary
06:50 Beastiary
10:54 Watch Tower
10:55 Watch Tower
11:14 Voodoo Lounge
11:20 Watch Tower
12:04 Watch Tower
12:54 Watch Tower
13:05 Orc Burrow
14:49 Great Hall
14:51 Watch Tower
14:51 Watch Tower
14:52 Watch Tower
14:52 Watch Tower
15:17 Spirit Lodge
17:16 Orc Burrow
17:58 Spirit Lodge
19:08 Orc Burrow
22:05 Orc Burrow
22:48 Watch Tower
22:49 Watch Tower
22:50 Watch Tower
28:35 Tauren Totem
28:39 Tauren Totem
» items
| Healing Salve | 4 | |
| Lesser Clarity Potion | 2 | |
| Scroll of Town Portal | 4 | |
| Potion of Mana | 1 | |
| Scroll of Regeneration | 1 | |
12 total
SuperHuman (
blue | 99 APM | 4153 actions | 41:49)
6 Blood Mage
3 Flame Strike
2 Siphon Mana
1 Summon Phoenix
4 Archmage
2 Blizzard
2 Brilliance Aura
» actions
| Assign group hotkey | 226 | |
| Basic commands | 397 | |
| Build / train | 127 | |
| Enter build submenu | 50 | |
| Enter hero's abilities submenu | 11 | |
| Give item / drop item | 3 | |
| Right click | 1217 | |
| Select / deselect | 842 | |
| Select group hotkey | 1002 | |
| Use ability | 278 | |
4153 total
» units
| Peasant | 25 | |
| Footman | 4 | |
| Spell Breaker | 8 | |
| Sorceress | 11 | |
| Goblin Sapper | 1 | |
| Goblin Zeppelin | 1 | |
| Goblin Shredder | 1 | |
| Siege Engine | 10 | |
| Priest | 4 | |
65 total
» upgrades
| Defend | 1 | |
| Masonry | 2 | |
| Lumber Harvesting | 1 | |
| Swords | 2 | |
| Sorceress Training | 2 | |
| Plating | 3 | |
| Control Magic | 1 | |
| Barrage | 1 | |
| Priest Training | 2 | |
| Gunpowder | 1 | |
16 total
» buildings
| Altar of Kings | 1 | |
| Farm | 21 | |
| Barracks | 1 | |
| Scout Tower | 11 | |
| Arcane Tower | 4 | |
| Town Hall | 3 | |
| Keep | 2 | |
| Lumber Mill | 1 | |
| Arcane Vault | 1 | |
| Guard Tower | 4 | |
| Blacksmith | 1 | |
| Arcane Sanctum | 3 | |
| Castle | 1 | |
| Workshop | 3 | |
57 total
» build order
00:06 Altar of Kings
00:09 Farm
00:19 Barracks
00:40 Farm
01:35 Farm
01:56 Scout Tower
02:55 Arcane Tower
03:26 Farm
03:28 Farm
03:39 Town Hall
03:42 Scout Tower
04:14 Arcane Tower
04:39 Keep
04:39 Keep
04:51 Scout Tower
04:57 Scout Tower
05:26 Lumber Mill
05:50 Arcane Vault
05:52 Guard Tower
05:54 Guard Tower
05:57 Farm
05:59 Farm
06:15 Farm
06:20 Farm
06:35 Blacksmith
06:47 Farm
07:08 Arcane Sanctum
07:24 Arcane Sanctum
10:16 Castle
10:45 Farm
10:45 Farm
11:57 Scout Tower
11:59 Scout Tower
12:01 Scout Tower
12:12 Scout Tower
12:43 Farm
12:44 Farm
15:07 Arcane Sanctum
15:25 Scout Tower
15:26 Scout Tower
15:27 Scout Tower
17:30 Guard Tower
17:31 Guard Tower
17:31 Arcane Tower
17:32 Arcane Tower
18:38 Town Hall
20:14 Farm
20:14 Farm
20:16 Farm
20:16 Farm
21:47 Town Hall
21:49 Farm
21:49 Farm
21:50 Farm
23:45 Workshop
23:46 Workshop
33:34 Workshop
» items
| Scroll of Regeneration | 2 | |
| Lesser Clarity Potion | 3 | |
| Scroll of Town Portal | 6 | |
| Potion of Healing | 8 | |
| Potion of Mana | 3 | |
22 total
SilverQueen (
teal | 55 APM | 2373 actions | 43:16)
4 Death Knight
1 Death Coil
1 Death Pact
2 Unholy Aura
1 Lich
1 Frost Armor
» actions
| Basic commands | 7 | |
| Build / train | 101 | |
| Enter build submenu | 31 | |
| Enter hero's abilities submenu | 6 | |
| Give item / drop item | 4 | |
| Right click | 1774 | |
| Select / deselect | 361 | |
| Use ability | 89 | |
2373 total
» units
| Acolyte | 14 | |
| Ghoul | 6 | |
| Goblin Shredder | 4 | |
| Goblin Zeppelin | 4 | |
| Frost Wyrm | 26 | |
| Goblin Sapper | 3 | |
57 total
» upgrades
| Creature Carapace | 3 | |
| Creature Attack | 3 | |
| Freezing Breath | 1 | |
7 total
» buildings
| Ziggurat | 13 | |
| Graveyard | 2 | |
| Tomb of Relics | 1 | |
| Crypt | 2 | |
| Altar of Darkness | 1 | |
| Nerubian Tower | 3 | |
| Spirit Tower | 12 | |
| Halls of the Dead | 2 | |
| Necropolis | 2 | |
| Black Citadel | 1 | |
| Sacrificial Pit | 1 | |
| Boneyard | 3 | |
43 total
» build order
00:13 Ziggurat
00:17 Ziggurat
00:38 Graveyard
00:51 Graveyard
01:21 Tomb of Relics
01:28 Crypt
01:34 Ziggurat
02:17 Altar of Darkness
02:32 Nerubian Tower
02:59 Nerubian Tower
03:35 Ziggurat
03:48 Crypt
04:29 Spirit Tower
04:53 Spirit Tower
06:03 Halls of the Dead
06:03 Halls of the Dead
08:16 Ziggurat
08:21 Ziggurat
08:26 Ziggurat
08:44 Necropolis
09:39 Spirit Tower
09:42 Spirit Tower
09:43 Spirit Tower
10:25 Black Citadel
10:44 Sacrificial Pit
12:16 Ziggurat
12:24 Ziggurat
12:49 Boneyard
12:57 Boneyard
13:08 Boneyard
13:35 Spirit Tower
13:37 Spirit Tower
13:41 Ziggurat
13:48 Ziggurat
13:55 Ziggurat
14:04 Ziggurat
15:04 Nerubian Tower
15:32 Spirit Tower
15:34 Spirit Tower
15:34 Spirit Tower
15:38 Spirit Tower
15:38 Spirit Tower
20:11 Necropolis
» items
| Rod of Necromancy | 1 | |
| Sacrificial Skull | 1 | |
| Potion of Healing | 2 | |
| Potion of Mana | 1 | |
| Dust of Appearance | 1 | |
| Scroll of Town Portal | 1 | |
| Scroll of Healing | 1 | |
8 total
MajorNewbs (
orange | 32 APM | 1374 actions | 43:09)
5 Archmage
3 Summon Water Elemental
2 Brilliance Aura
» actions
| Basic commands | 131 | |
| Build / train | 89 | |
| Enter build submenu | 24 | |
| Enter hero's abilities submenu | 5 | |
| Right click | 531 | |
| Select / deselect | 468 | |
| Use ability | 126 | |
1374 total
» units
| Peasant | 11 | |
| Sorceress | 13 | |
| Priest | 4 | |
| Spell Breaker | 38 | |
66 total
» upgrades
» buildings
| Lumber Mill | 1 | |
| Farm | 12 | |
| Scout Tower | 6 | |
| Arcane Tower | 1 | |
| Guard Tower | 5 | |
| Keep | 1 | |
| Altar of Kings | 1 | |
| Arcane Vault | 1 | |
| Arcane Sanctum | 3 | |
| Castle | 1 | |
32 total
» build order
00:27 Lumber Mill
01:12 Farm
01:32 Scout Tower
01:50 Scout Tower
01:58 Scout Tower
02:01 Arcane Tower
02:17 Guard Tower
02:20 Farm
02:26 Scout Tower
02:28 Guard Tower
02:55 Guard Tower
03:08 Keep
03:21 Altar of Kings
03:31 Arcane Vault
03:39 Scout Tower
04:08 Guard Tower
04:11 Farm
04:29 Farm
04:49 Farm
05:11 Farm
05:36 Arcane Sanctum
05:40 Arcane Sanctum
05:45 Arcane Sanctum
07:12 Farm
11:30 Farm
11:46 Farm
11:58 Farm
12:40 Castle
13:08 Farm
14:17 Farm
14:25 Scout Tower
16:21 Guard Tower
» items
| Potion of Healing | 1 | |
| Scroll of Regeneration | 3 | |
| Scroll of Town Portal | 1 | |
5 total
team 2 (winner)
|c00696969down (
purple | 104 APM | 4521 actions | 43:16)
8 Blademaster
3 Critical Strike
3 Wind Walk
1 Bladestorm
1 Mirror Image
8 Shadow Hunter
3 Hex
3 Healing Wave
1 Big Bad Voodoo
1 Serpent Ward
» actions
| Assign group hotkey | 36 | |
| Basic commands | 35 | |
| Build / train | 144 | |
| Enter build submenu | 20 | |
| Enter hero's abilities submenu | 17 | |
| Give item / drop item | 6 | |
| Remove unit from queue | 7 | |
| Right click | 2584 | |
| Select / deselect | 614 | |
| Select group hotkey | 740 | |
| Use ability | 318 | |
4521 total
» units
| Peon | 12 | |
| Grunt | 5 | |
| Raider | 13 | |
| Goblin Zeppelin | 1 | |
| Troll Batrider | 11 | |
| Wind Rider | 4 | |
46 total
» upgrades
| Pillage | 1 | |
| Ensnare | 1 | |
| Melee Weapons | 3 | |
| Armor | 3 | |
| Ranged Weapons | 3 | |
| Envenomed Spears | 1 | |
12 total
» buildings
| Altar of Storms | 1 | |
| Orc Burrow | 11 | |
| Barracks | 1 | |
| Voodoo Lounge | 3 | |
| Stronghold | 2 | |
| War Mill | 1 | |
| Beastiary | 2 | |
| Fortress | 2 | |
| Great Hall | 1 | |
24 total
» build order
00:07 Altar of Storms
00:13 Orc Burrow
00:15 Orc Burrow
00:35 Barracks
01:49 Orc Burrow
02:03 Voodoo Lounge
03:08 Stronghold
03:08 Stronghold
04:32 War Mill
04:35 Orc Burrow
05:34 Beastiary
05:34 Beastiary
05:41 Orc Burrow
07:27 Fortress
07:27 Fortress
13:02 Orc Burrow
18:42 Voodoo Lounge
19:27 Orc Burrow
20:35 Orc Burrow
24:16 Great Hall
41:13 Orc Burrow
41:15 Orc Burrow
41:17 Orc Burrow
41:25 Voodoo Lounge
» items
| Healing Salve | 5 | |
| Lesser Clarity Potion | 10 | |
| Potion of Healing | 7 | |
| Orb of Lightning | 1 | |
| Scroll of Town Portal | 8 | |
| Potion of Mana | 2 | |
| Scroll of Regeneration | 1 | |
34 total
4444 (
green | 82 APM | 3561 actions | 43:16)
8 Mountain King
3 Storm Bolt
3 Bash
1 Avatar
1 Thunder Clap
» actions
| Assign group hotkey | 35 | |
| Basic commands | 99 | |
| Build / train | 87 | |
| ESC pressed | 11 | |
| Enter build submenu | 19 | |
| Enter hero's abilities submenu | 9 | |
| Give item / drop item | 3 | |
| Right click | 1989 | |
| Select / deselect | 343 | |
| Select group hotkey | 833 | |
| Use ability | 133 | |
3561 total
» units
» upgrades
» buildings
| Altar of Kings | 1 | |
| Farm | 7 | |
| Blacksmith | 1 | |
| Barracks | 2 | |
| Keep | 2 | |
| Lumber Mill | 2 | |
| Scout Tower | 4 | |
| Town Hall | 1 | |
20 total
» build order
00:07 Altar of Kings
00:10 Farm
00:39 Farm
01:29 Blacksmith
01:32 Barracks
01:49 Farm
02:02 Barracks
03:01 Farm
03:26 Farm
04:13 Farm
05:46 Farm
06:56 Keep
06:56 Keep
07:41 Lumber Mill
07:43 Scout Tower
07:43 Scout Tower
07:44 Scout Tower
07:45 Scout Tower
19:43 Lumber Mill
25:31 Town Hall
» items
| Healing Salve | 3 | |
| Lesser Clarity Potion | 9 | |
| Scroll of Town Portal | 5 | |
| Orb of Lightning | 1 | |
| Potion of Mana | 7 | |
| Potion of Healing | 4 | |
| Scroll of Regeneration | 1 | |
30 total
I_PlSS_ON_TRUMP (
yellow | 55 APM | 2362 actions | 43:16)
5 Blademaster
1 Wind Walk
3 Critical Strike
1 Mirror Image
» actions
| Build / train | 102 | |
| ESC pressed | 1 | |
| Enter build submenu | 28 | |
| Enter hero's abilities submenu | 5 | |
| Right click | 1677 | |
| Select / deselect | 418 | |
| Use ability | 131 | |
2362 total
» units
| Peon | 25 | |
| Grunt | 12 | |
| Tauren | 4 | |
| Goblin Shredder | 1 | |
| Troll Headhunter/Berserker | 7 | |
49 total
» upgrades
| Pillage | 1 | |
| Melee Weapons | 2 | |
| Armor | 2 | |
| Troll Regeneration | 1 | |
| Berserker Strength | 1 | |
| Ranged Weapons | 2 | |
| Spiked Barricades | 2 | |
| Reinforced Defenses | 1 | |
| Pulverize | 1 | |
| Berserker Upgrade | 1 | |
14 total
» buildings
| Altar of Storms | 2 | |
| Orc Burrow | 9 | |
| Barracks | 2 | |
| Voodoo Lounge | 1 | |
| War Mill | 2 | |
| Stronghold | 1 | |
| Fortress | 1 | |
| Great Hall | 1 | |
| Watch Tower | 7 | |
| Tauren Totem | 2 | |
28 total
» build order
00:18 Altar of Storms
00:24 Orc Burrow
01:08 Barracks
01:54 Orc Burrow
02:15 Voodoo Lounge
02:21 Barracks
04:41 Orc Burrow
05:31 War Mill
06:26 Stronghold
06:37 Orc Burrow
09:15 Fortress
10:15 Great Hall
12:21 Watch Tower
12:45 Watch Tower
12:51 Watch Tower
13:12 Watch Tower
14:49 Tauren Totem
16:44 Tauren Totem
20:10 Orc Burrow
21:25 Orc Burrow
32:36 Altar of Storms
33:47 Orc Burrow
40:16 War Mill
40:40 Orc Burrow
42:03 Watch Tower
42:06 Watch Tower
42:14 Orc Burrow
42:47 Watch Tower
» items
| Healing Salve | 2 | |
| Scroll of Speed | 2 | |
| Lesser Clarity Potion | 5 | |
| Scroll of Town Portal | 4 | |
| Potion of Healing | 7 | |
| Tiny Great Hall | 2 | |
| Orb of Lightning | 1 | |
| Potion of Mana | 4 | |
| Orb of Fire | 1 | |
28 total
'Drayen (
red | 81 APM | 3504 actions | 43:17)
10 Paladin
3 Holy Light
3 Devotion Aura
1 Resurrection
3 Divine Shield
» actions
| Assign group hotkey | 262 | |
| Basic commands | 61 | |
| Build / train | 118 | |
| Enter build submenu | 74 | |
| Enter hero's abilities submenu | 10 | |
| Give item / drop item | 2 | |
| Remove unit from queue | 1 | |
| Right click | 1573 | |
| Select / deselect | 515 | |
| Select group hotkey | 644 | |
| Use ability | 244 | |
3504 total
» units
| Peasant | 11 | |
| Footman | 10 | |
| Goblin Shredder | 1 | |
| Dragonhawk Rider | 10 | |
32 total
» upgrades
| Defend | 1 | |
| Masonry | 3 | |
| Swords | 3 | |
| Plating | 3 | |
| Animal War Training | 1 | |
| Armor | 3 | |
| Cloud | 1 | |
15 total
» buildings
| Altar of Kings | 1 | |
| Barracks | 1 | |
| Farm | 4 | |
| Scout Tower | 70 | |
| Arcane Vault | 4 | |
| Arcane Tower | 1 | |
| Keep | 1 | |
| Lumber Mill | 1 | |
| Guard Tower | 31 | |
| Town Hall | 4 | |
| Blacksmith | 2 | |
| Castle | 1 | |
| Gryphon Aviary | 4 | |
125 total
» build order
01:01 Altar of Kings
01:03 Barracks
01:04 Farm
01:06 Farm
01:15 Farm
01:44 Farm
02:21 Scout Tower
02:48 Arcane Vault
02:51 Arcane Tower
04:54 Keep
05:11 Lumber Mill
05:20 Scout Tower
05:21 Scout Tower
05:22 Scout Tower
05:22 Scout Tower
05:24 Scout Tower
05:24 Scout Tower
05:25 Scout Tower
05:26 Scout Tower
05:28 Scout Tower
05:29 Scout Tower
05:29 Scout Tower
05:32 Scout Tower
05:33 Scout Tower
05:33 Scout Tower
05:34 Scout Tower
06:29 Guard Tower
06:34 Town Hall
06:38 Guard Tower
07:14 Guard Tower
07:17 Guard Tower
08:21 Guard Tower
08:24 Blacksmith
08:26 Blacksmith
08:30 Castle
08:33 Scout Tower
08:35 Scout Tower
08:37 Scout Tower
08:38 Scout Tower
08:40 Scout Tower
09:53 Guard Tower
10:27 Scout Tower
10:27 Scout Tower
10:29 Scout Tower
10:33 Scout Tower
10:35 Scout Tower
10:36 Scout Tower
10:58 Guard Tower
11:13 Guard Tower
11:58 Guard Tower
21:37 Arcane Vault
21:40 Arcane Vault
22:11 Scout Tower
22:12 Scout Tower
22:12 Scout Tower
22:15 Scout Tower
22:16 Scout Tower
22:21 Scout Tower
22:39 Guard Tower
22:41 Scout Tower
22:41 Scout Tower
22:42 Scout Tower
22:42 Scout Tower
22:44 Guard Tower
22:45 Guard Tower
22:49 Guard Tower
22:56 Town Hall
22:59 Scout Tower
23:00 Scout Tower
23:00 Scout Tower
23:01 Scout Tower
23:09 Guard Tower
23:11 Guard Tower
23:11 Guard Tower
23:12 Guard Tower
23:12 Guard Tower
23:14 Guard Tower
23:14 Guard Tower
25:29 Guard Tower
25:37 Scout Tower
25:38 Scout Tower
25:38 Scout Tower
25:38 Scout Tower
25:38 Scout Tower
26:48 Guard Tower
26:49 Gryphon Aviary
26:51 Gryphon Aviary
26:52 Gryphon Aviary
26:53 Gryphon Aviary
29:14 Scout Tower
30:20 Scout Tower
30:21 Scout Tower
30:21 Scout Tower
30:21 Scout Tower
30:39 Scout Tower
30:39 Scout Tower
30:40 Scout Tower
30:40 Scout Tower
30:41 Scout Tower
31:11 Guard Tower
31:12 Scout Tower
31:13 Scout Tower
31:13 Scout Tower
31:14 Scout Tower
32:29 Guard Tower
32:33 Town Hall
33:41 Guard Tower
39:18 Arcane Vault
41:11 Scout Tower
41:11 Scout Tower
41:12 Scout Tower
41:12 Scout Tower
41:13 Scout Tower
41:14 Scout Tower
41:14 Scout Tower
41:14 Scout Tower
41:14 Scout Tower
41:15 Scout Tower
41:41 Guard Tower
41:41 Guard Tower
42:02 Guard Tower
42:14 Guard Tower
42:16 Guard Tower
42:33 Guard Tower
42:37 Town Hall
» items
| Scroll of Regeneration | 4 | |
| Scroll of Town Portal | 7 | |
| Healing Salve | 1 | |
| Potion of Mana | 6 | |
| Lesser Clarity Potion | 5 | |
| Orb of Lightning | 1 | |
| Staff of Sanctuary | 1 | |
25 total
Chat log
(04:25 / Allies) I_PlSS_ON_TRUMP: rush blue
(05:06 / Allies) |c00696969down: looks like he's rushing
(09:53 / All) vinamilk: lol
(14:01 / Allies) 4444: tp
(14:02 / Allies) 4444: tp
(14:13 / Allies) 'Drayen: too risky
(15:12 / Allies) |c00696969down: red has 5k gold lol
(19:25 / Allies) |c00696969down: red spend your gold fuck tard
(19:26 / All) MajorNewbs: Gg newbs
(19:28 / All) MajorNewbs: Game Over
(19:49 / All) MajorNewbs: rush some more
(19:52 / All) MajorNewbs: Good luck
(19:59 / All) |c00696969down: you blow stfu
(20:08 / All) MajorNewbs: you thought you were
(20:12 / All) MajorNewbs: going to rush Me
(20:12 / Allies) 4444: lumb?
(20:17 / All) MajorNewbs: when I dont even try
(20:20 / All) MajorNewbs: ahahahhahahahahha
(20:26 / All) |c00696969down: you try to suck cock on a daily bassis
(20:30 / All) MajorNewbs: in your mind
(20:35 / All) MajorNewbs: you were going to rush Me
(20:39 / All) |c00696969down: yawnb
(20:41 / All) |c00696969down: yawb
(20:41 / All) MajorNewbs: figured it would be a mistake
(20:42 / All) |c00696969down: yawn
(20:47 / All) MajorNewbs: you got Crushed instead
(20:47 / Allies) 4444: lumb
(20:52 / All) MajorNewbs: bitch boy newb
(21:11 / All) |c00696969down: zzz
(22:34 / All) |c00696969down: what's it like being awful at this game
(23:23 / All) |c00696969down: yeah
(23:25 / All) |c00696969down: terrible
(23:35 / All) MajorNewbs: We already WoN
(23:39 / All) MajorNewbs: just sipping now
(23:48 / All) |c00696969down: won the cock sucking award
(23:51 / All) MajorNewbs: playing with one hand
(23:58 / All) |c00696969down: other one is on your man's dick
(24:18 / All) MajorNewbs: purples ass cheeks are sore from all that penis penetration
(24:23 / All) MajorNewbs: that went into his butt
(24:25 / All) |c00696969down: nice stealing my joke
(24:28 / Allies) |c00696969down: sa
(24:29 / All) |c00696969down: sad
(24:45 / All) MajorNewbs: go put your diapers on, your ass hurts
(25:24 / All) |c00696969down: gg
(25:31 / All) |c00696969down: so fucking easy
(27:06 / Allies) 'Drayen: okay
(27:08 / Allies) 'Drayen: I get dhawk
(27:21 / Allies) |c00696969down: oh now you're gonna do something
(27:30 / Allies) 'Drayen: I gave 9k gold
(27:37 / Allies) 'Drayen: more than that actualyl
(31:50 / Allies) I_PlSS_ON_TRUMP: any gold 4 altar
(32:04 / Allies) I_PlSS_ON_TRUMP: 500g
(32:25 / Allies) I_PlSS_ON_TRUMP: red 500g
(32:30 / Allies) I_PlSS_ON_TRUMP: thx
(33:16 / Allies) 'Drayen: I got it
(33:37 / Allies) |c00696969down: kill expo
(34:22 / Allies) |c00696969down: tp?
(34:28 / Allies) I_PlSS_ON_TRUMP: tp it
(35:13 / All) I_PlSS_ON_TRUMP: owned faggots
(35:15 / All) |c00696969down: raped
(35:19 / All) I_PlSS_ON_TRUMP: gtfo naabs
(35:31 / All) |c00696969down: orange so quiet
(35:34 / All) vinamilk: fuking teal got little brain
(35:36 / All) MajorNewbs: you are lucky teal is a dumb bitch
(35:42 / All) MajorNewbs: this silly cunt
(35:44 / All) |c00696969down: leave trash
(35:46 / All) 'Drayen: CHARGE
(35:47 / All) 'Drayen: RAHOWA
(35:58 / All) SuperHuman: teal is buttbuddies with somebody on your team
(36:01 / All) SuperHuman: he is literally afking
(36:01 / All) |c00696969down: orange worst human 2k17
(36:04 / All) SuperHuman: into towers
(36:06 / All) SuperHuman: all game
(36:13 / All) SuperHuman: worst possible moves he is doing it on purpose
(36:18 / All) |c00696969down: cry bitch
(36:22 / All) MajorNewbs: teal is a silly cunt
(36:27 / All) MajorNewbs: this bitch has downs syndrome
(36:28 / All) SuperHuman: only reason you didnt lose in 10 min noob
(36:35 / All) |c00696969down: easiest game of my fucking life
(36:47 / All) MajorNewbs: because teal gave you her ass cheeks
(36:47 / All) SilverQueen: major noob suits him worth intentional loss\
(36:50 / All) |c00696969down: why you noobs still here lmao
(36:52 / All) MajorNewbs: she has downs syndrome
(36:53 / All) 'Drayen: WOMEN SHOULD NOT PLAY GAMES OF STRATEGY
(36:54 / All) SuperHuman: pretty easy when teal is mass feeding your team dumbshit
(37:01 / All) |c00696969down: so much salt lmao
(37:04 / All) 'Drayen: NEITHER SHOULD TRANNIES
(37:08 / All) |c00696969down: easy bro
(37:09 / All) MajorNewbs: teal is probably one of your prostitutes
(37:16 / All) MajorNewbs: a dumb whore
(37:22 / All) |c00696969down: leave noobs
(37:23 / All) |c00696969down: so easy
(37:25 / All) vinamilk: teal= dumbass
(37:30 / All) MajorNewbs: teal is prostituting for you
(37:32 / All) vinamilk: fuking like 3 vs 4 here
(37:50 / All) MajorNewbs: like I said
(37:51 / All) SilverQueen: sdefinitely
(37:52 / All) |c00696969down: I can't believe how little I was challenged
(37:57 / All) MajorNewbs: teal is one of your whore prostitutes
(37:59 / All) 'Drayen: that gold mine has 500 gold left lol
(38:04 / All) 'Drayen: TAKE IT
(38:05 / All) MajorNewbs: stupid downs syndrome silly whore
(38:39 / All) MajorNewbs: even with teal being your downs syndrome prostitute, you are losing
(38:40 / All) MajorNewbs: ahahahahhahahah
(38:48 / All) MajorNewbs: SUCKER
(38:54 / All) MajorNewbs: Game over
(39:03 / All) MajorNewbs: I guess your hoe didn't come through for you
(39:11 / All) |c00696969down: you're fucking retarded
(39:19 / All) MajorNewbs: teal being your prostitute failed you
(39:20 / Allies) |c00696969down: just mass knights
(39:22 / All) MajorNewbs: SUCKER
(39:27 / All) |c00696969down: yep we lose
(39:41 / All) MajorNewbs: she tried whoring for you
(39:49 / All) MajorNewbs: obviously wasn't good enough
(40:21 / All) MajorNewbs: teal is a silly whore born with downs syndrome
(40:24 / All) MajorNewbs: birth mistake
(41:07 / All) |c00696969down: bye
(41:42 / All) |c00696969down: idk why you inbreds haven't left
(41:46 / All) SuperHuman: you dont deserve this win, 5v3 -.-
(41:56 / All) |c00696969down: APED
(42:01 / All) |c00696969down: RAPED
(42:09 / All) MajorNewbs: teal took in the ass for your team
(42:14 / All) MajorNewbs: she tk'd
(42:14 / All) |c00696969down: leave trash
(42:18 / All) 'Drayen: sore loser
(42:19 / All) MajorNewbs: typical prostitute
(42:24 / All) |c00696969down: typical inbred
(42:25 / All) MajorNewbs: watch the replay
(42:27 / All) 'Drayen: you're sore from all the ass rape we've done to you
(42:28 / All) |c00696969down: still sticking around
(42:30 / All) MajorNewbs: Truth doesn't LIE
(42:31 / All) 'Drayen: sorry for not using lube
(42:34 / All) MajorNewbs: BIBLE CODES
(42:44 / All) 'Drayen: newbs is a satan worshiper
(42:47 / All) |c00696969down: orange mad he can't get carried to victory
(42:51 / All) 'Drayen: JESUS blessed our swords in this fight!
(42:55 / All) MajorNewbs: Read The HOLY BIBLE
(42:55 / All) |c00696969down: ^
(42:59 / All) 'Drayen: against newbs who loves the devil!
(43:00 / All) MajorNewbs: TRUTH doesn't LIE
(43:03 / All) MajorNewbs: AMEN
(43:05 / All) |c00696969down: bye trash